 Dungeon Crawl Stone Soup version 0.30-a0-639-g3916f1956a (webtiles) character file.

Game seed: 4691050441834729361

71 Persephone the Cudgeller (level 4, -5/28 HPs)
             Began as a Gargoyle Fighter on Jan 16, 2023.
             Slain by a worm (8 damage)
             ... on level 2 of the Dungeon.
             The game lasted 00:02:27 (1179 turns).

Persephone the Cudgeller (Gargoyle Fighter)         Turns: 1179, Time: 00:02:27

Health: -5/28      AC: 10    Str: 20    XL:     4   Next: 24%
Magic:  4/4        EV:  9    Int:  8    God:
Gold:   47         SH:  4    Dex: 11    Spells: 3/3 levels left

rFire   . . .      SeeInvis .    a - +0 flail
rCold   . . .      Faith    .    c - +0 buckler
rNeg    + . .      Spirit   .    b - +0 scale mail
rPois   ∞          Reflect  .    (no helmet)
rElec   +          Harm     .    (no cloak)
rCorr   .          Rampage  .    (no gloves)
Will    .....                    (no boots) Stlth
                                 (no amulet)
HPRegen 0.24/turn                (no ring)
MPRegen 0.09/turn                (no ring)

@: no status effects
A: sickness immunity, AC +3, negative energy resistance 1, electricity
resistance, torment resistance 1, petrification resistance
a: no special abilities


You were on level 2 of the Dungeon.
You visited 1 branch of the dungeon, and saw 2 of its levels.

You collected 47 gold pieces.

Inventory:

Hand Weapons
 a - a +0 flail (weapon)
Armour
 b - a +0 scale mail (worn)
 c - a +0 buckler (worn)
Scrolls
 f - a scroll of fear {unknown}
 g - a scroll of poison {unknown}
 h - 2 scrolls of teleportation {unknown}
 i - a scroll of immolation {unknown}
 j - a scroll of blinking {unknown}
Potions
 d - a potion of might
 e - 2 potions of brilliance {unknown}


   Skills:
 - Level 3.5 Fighting
 + Level 4.0 Maces & Flails
 - Level 3.4 Armour
 - Level 3.4 Shields


You had 3 spell levels left.
You didn't know any spells.
Your spell library was empty.

Dungeon Overview and Level Annotations

Branches:
Dungeon (2/15)

Altars:


Innate Abilities, Weirdness & Mutations

You are immune to sickness and miasma.
Your stone body is resilient. (AC +3)
You are immune to poison.
You resist negative energy. (rN+)
You are resistant to electric shocks. (rElec)
You are resistant to unholy torment.
You are immune to petrification.


Message History

You closely miss the ball python.
The gnoll hits you from afar with a +0 spear.
The gnoll drinks a potion.
The gnoll seems to speed up.
The ball python barely misses you. The ball python constricts you.
You closely miss the ball python. The ball python barely misses you.
The ball python constricts you.
You barely miss the ball python.
The ball python bites you but does no damage.
The ball python constricts you. The gnoll hits you but does no damage.
The ball python bites you but does no damage.
The ball python constricts you. The gnoll barely misses you.
You barely miss the ball python. You block the ball python's attack.
The ball python constricts you. The gnoll barely misses you.
The ball python barely misses you. The ball python constricts you.
You closely miss the ball python. You block the ball python's attack.
The ball python constricts you. The gnoll hits you but does no damage.
You hit the ball python.
You kill the ball python!
You block the gnoll's attack.
You sock the gnoll!
The gnoll is severely wounded.
You block the gnoll's attack.
You thump the gnoll!
The gnoll is almost dead.
You block the gnoll's attack. x2; The gnoll barely misses you.
You sock the gnoll!
You kill the gnoll!
You block the gnoll's attack.
The gnoll hits you from afar with a +0 spear.
The gnoll hits you with a +6 flail!
Your Maces & Flails skill increases to level 4!
The gnoll barely misses you. x2; The worm bites you but does no damage.
The gnoll hits you with a +6 flail.
Things that are here:
a +0 flail; a +0 club; a gnoll corpse You hit the gnoll but do no damage.
You block the gnoll's attack. The gnoll hits you with a +6 flail.
* * * LOW HITPOINT WARNING * * *
The worm bites you!
You die...

#.## ####### #.#
....... #.# ....... #.#
....... #.# ....... #.#
....... #########.#
......g######.........#
......w@g..##'#########
.......#........#
.......#........#
.......#.....[..#
.......#........#
.......###+##+###
#####.. # ... .. ##


You could see a worm and 2 gnolls.

Vanquished Creatures
  2 gnolls (D:2)
  An adder (D:2)
  2 dart slugs (D:1)
  3 ball pythons
  5 endoplasms
  3 goblins (D:1)
  4 hobgoblins
  A quokka (D:1)
  5 bats
  2 frilled lizards
  5 kobolds
  7 rats
40 creatures vanquished.

Notes
Turn   | Place    | Note
-------+----------+-------------------------------------------
     0 | D:1      | Persephone the Gargoyle Fighter began the quest for the
                  | Orb.
     0 | D:1      | Reached XP level 1. HP: 14/14 MP: 1/1
   108 | D:1      | Reached XP level 2. HP: 19/19 MP: 2/2
   707 | D:1      | Reached XP level 3. HP: 23/23 MP: 3/3
   715 | D:1      | Reached skill level 3 in Maces & Flails
  1168 | D:2      | Reached XP level 4. HP: 28/28 MP: 4/4
  1178 | D:2      | Reached skill level 4 in Maces & Flails
  1179 | D:2      | Slain by a worm

Illustrated notes

Levels and vault maps discovered:
D:1:      mrwooster_arrival_statue, layout_loops_corners
D:2:      layout_basic, grunt_decor_mini_mirrors,
          corexii_item_surrounded_by_moat

Skill      XL: |  1  2  3  4 |
---------------+-------------+-----
Maces & Flails | 3 4 |  4.0
Fighting       | |  3.5
Armour         | |  3.4
Shields        | |  3.4

Action                   |  1- 3 |  4- 6 || total
-------------------------+-------+-------++-------
Melee: Flail             |    94 |    10 ||   104
Armor: Scale mail        |    45 |     5 ||    50
Dodge: Dodged            |    47 |    10 ||    57
Block: Buckler           |    18 |     9 ||    27

Table legend: (Time is in decaauts)
 A = Elapsed time spent in this place.
 B = Non-inter-level travel time spent in this place.
 C = Inter-level travel time spent in this place.
 D = Time resting spent in this place.
 E = Time spent auto-exploring this place.
 F = Levels seen in this place.
 G = Mean time per level.
                   A        B        C        D        E       F      G
               +--------+--------+--------+--------+--------+-----+--------+
         Total |   1209 |   1168 |     41 |      0 |    937 |   2 |  604.5 |
       Dungeon |   1209 |   1168 |     41 |      0 |    937 |   2 |  604.5 |
               +--------+--------+--------+--------+--------+-----+--------+

Top non-repeatable levels by time:
     D:1: 959 daAuts
     D:2: 250 daAuts
